 Dungeon Crawl Stone Soup version 0.22-a0-406-g9ff8d77 (webtiles) character file.

154 Borgoz the Skirmisher (level 5, 0/33 HPs)
             Began as a Gargoyle Abyssal Knight on May 8, 2018.
             Was a Follower of Lugonu.
             Slain by an ogre
             ... wielding a +0 giant club
              (14 damage)
             ... on level 4 of the Dungeon.
             The game lasted 00:04:09 (2024 turns).

Borgoz the Skirmisher (Gargoyle Abyssal Knight)     Turns: 2024, Time: 00:04:10

Health: 0/33       AC: 10    Str: 15    XL:     5   Next: 35%
Magic:  7/7        EV:  9    Int: 13    God:    Lugonu [*.....]
Gold:   153        SH:  0    Dex: 10    Spells: 4/4 levels left

rFire    . . .     SeeInvis .   a - +1 hand axe
rCold    . . .     Gourm    .   (no shield)
rNeg     + . .     Faith    .   d - +0 scale mail
rPois    ∞         Spirit   .   (no helmet)
rElec    +         Reflect  .   (no cloak)
rCorr    .         Harm     .   (no gloves)
MR       .....                  (no boots)
Stlth    ..........             (no amulet)
HPRegen  0.11/turn              (no ring)
MPRegen  0.10/turn              (no ring)

@: very slightly contaminated
A: negative energy resistance 1, electricity resistance, unbreathing,
petrification resistance, rot immunity, AC +4
a: Depart the Abyss, Renounce Religion


You were on level 4 of the Dungeon.
You worshipped Lugonu.
Lugonu was aware of your devotion.
You were not hungry.

You visited 1 branch of the dungeon, and saw 5 of its levels.
You visited the Abyss 1 time.

You collected 153 gold pieces.

Inventory:

Hand Weapons
 a - a +1 hand axe (weapon)
Armour
 d - a +0 scale mail (worn)
Wands
 l - a wand of polymorph (1)
Scrolls
 e - a scroll of fog
 k - a scroll of fear
 m - a scroll of identify
Potions
 b - a potion of mutation {unknown}
 h - a potion of cancellation {unknown}
 i - a potion of agility {unknown}
 j - a potion of curing {unknown}
 o - a potion of flight {unknown}
 q - a potion of lignification {unknown}
Comestibles
 c - 6 rations
 p - 6 chunks of flesh


   Skills:
 + Level 4.1 Fighting
 + Level 2.6 Axes
 + Level 3.2 Armour
 + Level 1.8 Dodging
 + Level 3.1 Invocations


You had 4 spell levels left.
You didn't know any spells.

Dungeon Overview and Level Annotations

Branches:
Dungeon (6/15)
 Temple: D:4-7

Altars:


Innate Abilities, Weirdness & Mutations

You are resistant to torment.
Your stone body is resilient. (AC +4)
You are immune to poison.
You resist negative energy. (rN+)
You are resistant to electric shocks. (rElec)
You can survive without breathing.
You are immune to petrification.
You are immune to rotting.


Message History

Okay, then.
As you read the scroll labeled QASUIG FEUSE, it crumbles to dust.
You feel blessed for a moment.
It was a scroll of remove curse.
The orc wizard hits you but does no damage.
The gnoll barely misses you. The orc warrior hits you with a mace!
As you read the scroll labeled QAETYICVAL, it crumbles to dust.
It is a scroll of identify.
n - a scroll of blinking The orc wizard hits you but does no damage.
The gnoll hits you but does no damage. The orc warrior hits you with a mace.
Blink to where?
Press: ? - help, Dir - move target cursor You are very lightly contaminated with residual magic.
As you read the scroll of blinking, it crumbles to dust.
The gnoll hits you but does no damage.
There is a stone staircase leading up here.
The gnoll closely misses you.
You climb upwards.
The adder closely misses you. The ogre hits you with a giant club!
You die...

####.......#####
#.......#
#.......#
#.......###
#..........
#..........
#..........
#O.S.......
##@W...#...
#g....#...
#.....# .
#.....# ......#
......# ..###..
...# ...


You could see a phantom, an ogre, a gnoll and an adder.

Vanquished Creatures
  Terence (D:2)
  Jessica (D:2)
  A worker ant (D:5)
  A gnoll (D:5)
  4 adders
  An adder zombie (D:5)
  A worm (D:2)
  A dart slug (D:2)
  An orc (D:5)
  A ball python (D:2)
  3 giant cockroaches
  A goblin (D:1)
  A hobgoblin (D:1)
  4 kobolds
  2 bats
  7 frilled lizards (D:2)
  2 rats (D:1)
33 creatures vanquished.

Notes
Turn   | Place    | Note
-------+----------+-------------------------------------------
     0 | Abyss:1  | Borgoz the Gargoyle Abyssal Knight began the quest for the Orb.
     0 | Abyss:1  | Reached XP level 1. HP: 14/14 MP: 2/2
    10 | Abyss:1  | Found a corrupted altar of Lugonu.
    17 | Abyss:2  | Found a corrupted altar of Lugonu.
    43 | Abyss:2  | Noticed a large abomination
    59 | Abyss:2  | Noticed a wretched star
    68 | Abyss:2  | Noticed a large abomination
    70 | D:1      | Escaped the Abyss
   341 | D:1      | Reached skill level 1 in Dodging
   341 | D:1      | Reached XP level 2. HP: 18/19 MP: 3/3
   746 | D:2      | Reached * piety under Lugonu
   869 | D:2      | Reached XP level 3. HP: 21/23 MP: 4/4
  1043 | D:2      | Noticed Jessica
  1121 | D:2      | Killed Jessica
  1121 | D:2      | Reached XP level 4. HP: 19/29 MP: 4/6
  1353 | D:2      | Noticed Terence
  1447 | D:2      | Killed Terence
  1625 | D:2      | You fall through a shaft for 2 floors!
  1821 | D:4      | Noticed a phantom
  1884 | D:4      | Noticed an ogre
  1886 | D:5      | Entered Level 5 of the Dungeon
  1926 | D:5      | Reached skill level 4 in Fighting
  1926 | D:5      | Reached XP level 5. HP: 31/33 MP: 7/7
  1967 | D:6      | Noticed an ogre
  1967 | D:6      | Noticed a centaur
  2012 | D:6      | Noticed an orc warrior
  2012 | D:6      | Noticed a centaur
  2024 | D:4      | Slain by an ogre

Vault maps used:
D:1:      dpeg_arrival_radiant
D:2:      uniq_terence, uniq_jessica
D:4:      yredelemnul_forgotten_temple_becter, dancing_weapons_uskayaw,
          first_ration, uniq_edmund, uniq_duvessa
D:5:      grunt_temple_overflow_diamond, kennysheep_mini, minivault_5
D:6:      gammafunk_temple_overflow_claw, kennysheep_little_box,
          grunt_temple_overflow_open, temple_doors_e, uniq_sigmund,
          uniq_menkaure, uniq_prince_ribbit1
Abyss:2:  gammafunk_abyss_exit_x_factor, hangedman_abyss_overflow_altar

Skill      XL: |  1  2  3  4 |
---------------+-------------+-----
Dodging        | 1 |  1.8
Axes           | 2 |  2.6
Armour         | 3 |  3.2
Fighting       | 4 |  4.1
Invocations    | 3 |  3.1

Action                   |  1- 3 |  4- 6 || total
-------------------------+-------+-------++-------
Melee: Hand axe          |    82 |    62 ||   144
       Unarmed           |       |     8 ||     8
Invok: Depart the Abyss  |     1 |       ||     1
  Use: Potion            |     1 |       ||     1
       Scroll            |       |     6 ||     6
  Eat: Chunk             |       |     4 ||     4
Armor: Scale mail        |    73 |    38 ||   111
Dodge: Dodged            |    53 |    32 ||    85

Table legend:
 A = Spawn XP
 B = Non-spawn XP
 C = Spawn XP percentage of total XP
 D = Spawn monster count
 E = Non-spawn monster count
 F = Spawn count percentage of total count
 G = Total turns spent on level
                    A         B        C        D         E        F      G
               +---------+---------+-------+---------+---------+-------+---------
         Total |       0 |     220 |   0.0 |       0 |      33 |   0.0 |  2024
               +---------+---------+-------+---------+---------+-------+---------
           D:1 |       0 |      14 |   0.0 |       0 |       9 |   0.0 |   666
           D:2 |       0 |     126 |   0.0 |       0 |      18 |   0.0 |   889
           D:4 |       0 |      13 |   0.0 |       0 |       1 |   0.0 |   261
           D:5 |       0 |      67 |   0.0 |       0 |       5 |   0.0 |   134
               +---------+---------+-------+---------+---------+-------+---------
